Map: Infestation

Players

zod - Winner!

  • Race: Protoss Protoss
  • League: Silver
  • Spawn Location: 3:00

MasteroP - Winner!

  • Race: Zerg Zerg
  • League: Silver
  • Spawn Location: 3:00

Portos

  • Race: Zerg Zerg
  • League: Silver
  • Spawn Location: 9:00

biiib

  • Race: Terran Terran
  • League: Bronze
  • Spawn Location: 9:00

VOD

Have the link to the VOD?

Description

Time

  • Played on: Jan. 15, 2016, 4:24 p.m.
  • Length: 11:09
Show
View Real Time Build Order
Export as new Build Order

zod Protoss - Winner!

Build Orders: Oracle Opening 

Get SALT Encoding   

  12  0:01  Probe (Chrono Boost)  
  13  0:11  Probe (Chrono Boost)  
  14  0:20  Pylon  
  14  0:23  Probe (Chrono Boost)  
  15  0:35  Assimilator  
  15  0:38  Probe (Chrono Boost)  
  16  0:49  Probe (Chrono Boost)  
  17  0:50  Gateway  
  17  0:59  Probe (Chrono Boost)  
  18  1:08  Gateway  
  18  1:10  Probe (Chrono Boost)  
  19  1:20  Probe (Chrono Boost)  
  20  1:31  Probe (Chrono Boost)  
  20  1:32  Pylon  
  21  1:44  Cybernetics Core, Probe (Chrono Boost)  
  22  2:07  Nexus  
  22  2:13  Pylon  
  22  2:15  Probe (Chrono Boost)  
  23  2:20  Warp Gate  
  23  2:31  Stargate  
  23  2:35  Assimilator  
  23  2:39  Stalker  
  25  2:48  Probe (Chrono Boost)  
  26  3:05  Stalker  
  28  3:13  Forge  
  28  3:19  Pylon  
  28  3:28  Twilight Council  
  28  3:34  Probe x2 (Chrono Boost)  
  30  3:41  Oracle (Chrono Boost)  
  33  3:51  Probe  
  33  3:52  Probe  
  35  3:59  Assimilator  
  35  4:01  Probe  
  35  4:03  Assimilator  
  35  4:06  Mothership Core  
  38  4:12  Probe  
  39  4:17  Gateway  
  39  4:21  Pylon  
  39  4:23  Protoss Air Weapons Level 1 (Chrono Boost)  
  39  4:26  Probe  
  39  4:27  Probe  
  41  4:39  Probe  
  39  5:02  Gateway x2  
  39  5:03  Photon Cannon  
  39  5:06  Gateway, Photon Cannon  
  39  5:12  Pylon  
  39  5:13  Probe  
  39  5:14  Probe  
  39  5:15  Pylon  
  41  5:23  Probe  
  41  5:28  Probe  
  43  5:32  Photon Cannon  
  43  5:37  Photon Cannon  
  43  5:42  Stalker  
  45  5:45  Probe  
  45  5:46  Probe  
  47  5:53  Blink (Chrono Boost)  
  47  5:58  Protoss Ground Weapons Level 1  
  47  6:07  Stalker x2  
  51  6:29  Stalker x4  
  59  6:40  Void Ray  
  63  6:50  Pylon  
  63  6:57  Stalker x2  
  63  7:00  Stalker  
  69  7:12  Probe  
  69  7:13  Probe  
  71  7:15  Robotics Facility  
  71  7:25  Stalker x2  
  73  8:04  Observer (Chrono Boost)  
  66  8:16  Stalker x4  
  66  8:17  Stalker x2  
  78  8:23  Observer (Chrono Boost)  
  79  8:29  Resonating Glaives  
  79  8:37  Nexus  
  79  8:41  Assimilator  
  79  8:43  Probe x2  
  76  9:38  Stalker x2  
  76  9:39  Stalker x4  
  76  9:41  Warp Prism (Chrono Boost)  
  76  9:45  Probe x2  
  92  9:47  Probe  
  93  9:57  Probe x3  
  96  10:06  Stalker x2  
  96  10:07  Stalker  
  102  10:09  Probe  
  102  10:10  Probe  
  103  10:21  Stalker  
  103  10:22  Stalker  
  106  10:35  Stalker  
  108  10:59  Pylon  
  108  11:00  Pylon  
  108  11:01  Pylon  
  108  11:03  Pylon, Assimilator  
Show
View Real Time Build Order
Export as new Build Order

MasteroP Zerg - Winner!

Build Orders: Pool First 

Get SALT Encoding   

  12  0:01  Drone  
  13  0:12  Overlord  
  13  0:16  Drone  
  14  0:31  Drone x2  
  14  0:35  Drone  
  17  0:45  Drone  
  17  0:49  Spawning Pool  
  17  1:00  Drone  
  18  1:17  Drone  
  19  1:21  Hatchery  
  19  1:22  Overlord  
  18  1:30  Drone  
  19  1:37  Queen  
  21  1:43  Drone  
  22  1:49  Drone, Extractor  
  22  1:55  Extractor  
  21  2:02  Drone  
  22  2:11  Drone  
  23  2:23  Drone  
  24  2:39  Drone  
  24  2:43  Queen  
  27  2:47  Drone x3  
  27  2:48  Hatchery  
  29  2:53  Drone  
  29  2:57  Lair  
  30  2:58  Drone  
  30  2:59  Drone  
  30  3:02  Spore Crawler  
  30  3:05  Drone  
  32  3:08  Drone  
  33  3:14  Drone x2  
  33  3:17  Drone  
  36  3:23  Overlord  
  36  3:26  Extractor  
  35  3:29  Drone  
  35  3:31  Drone, Extractor  
  36  3:42  Drone x4  
  40  3:54  Spore Crawler  
  39  4:02  Drone x4  
  43  4:03  Drone x3  
  46  4:15  Spire  
  45  4:20  Drone x4  
  49  4:39  Overlord x2  
  49  4:40  Overlord  
  49  4:57  Queen  
  51  5:03  Spore Crawler  
  50  5:08  Spore Crawler  
  50  5:11  Spore Crawler  
  48  5:16  Spore Crawler  
  48  5:19  Overlord x3  
  47  5:29  Zerg Flyer Weapons Level 1  
  47  5:30  Mutalisk x7  
  47  5:31  Mutalisk  
  63  5:44  Mutalisk x3  
  69  5:50  Extractor  
  69  5:52  Extractor  
  69  5:53  Drone x4  
  69  5:56  Drone x2  
  71  6:23  Mutalisk x5  
  81  6:33  Drone x2  
  81  6:34  Drone x7  
  81  6:38  Mutalisk  
  92  6:52  Mutalisk x3  
  98  7:09  Overlord x2  
  98  7:10  Overlord  
  98  7:16  Overlord x3  
  98  7:27  Mutalisk x3  
  94  7:54  Overseer  
  93  8:18  Mutalisk x2  
  93  8:19  Mutalisk x7  
  105  8:23  Zerg Flyer Weapons Level 2  
  111  8:32  Mutalisk  
  115  8:34  Zergling x4  
  115  8:42  Mutalisk x2  
  117  9:11  Mutalisk x2  
  101  9:42  Zergling x14  
  101  9:43  Zergling x10  
  103  9:59  Mutalisk  
  103  10:00  Mutalisk x4  
  113  10:33  Overlord x4  
  109  10:52  Overseer  
Show
View Real Time Build Order
Export as new Build Order

Portos Zerg 

Build Orders: Pool First 

Get SALT Encoding   

  12  0:02  Drone  
  13  0:12  Drone  
  14  0:17  Overlord  
  14  0:53  Drone x3  
  17  0:57  Spawning Pool  
  16  1:15  Hatchery  
  15  1:20  Drone  
  15  1:23  Extractor  
  15  1:26  Extractor  
  15  1:27  Drone  
  15  1:29  Drone  
  16  1:40  Overlord  
  16  1:57  Queen  
  18  2:02  Drone x2  
  20  2:21  Overlord  
  20  2:29  Queen  
  22  2:30  Drone  
  23  2:39  Lair  
  23  2:57  Drone x2  
  25  3:03  Drone  
  25  3:04  Drone x2  
  28  3:09  Drone  
  28  3:10  Drone  
  30  3:13  Drone  
  30  3:17  Drone  
  32  3:22  Drone  
  33  3:40  Spire  
  32  3:46  Drone  
  32  3:47  Drone x4  
  37  3:49  Drone  
  37  3:54  Extractor  
  37  3:57  Extractor  
  36  4:03  Overseer  
  36  4:04  Overlord  
  36  4:06  Overlord  
  36  4:21  Hatchery  
  34  4:54  Mutalisk x3  
  34  4:56  Mutalisk x2  
  44  5:02  Drone x5  
  49  5:28  Mutalisk x3  
  55  5:36  Drone  
  56  5:43  Mutalisk x2  
  60  5:53  Zerg Flyer Weapons Level 1  
  60  5:54  Overlord x2  
  45  6:29  Evolution Chamber, Mutalisk x4  
  43  6:34  Drone x3  
  43  6:39  Extractor, Queen  
  47  7:05  Spore Crawler  
  47  7:06  Spore Crawler  
  47  7:07  Mutalisk  
  47  7:08  Mutalisk  
  49  7:09  Spore Crawler  
  49  7:10  Spore Crawler  
  49  7:13  Drone x3  
  50  7:17  Extractor  
  24  7:50  Mutalisk  
  24  7:51  Mutalisk  
  26  8:02  Corruptor  
  28  8:06  Drone x4  
  28  8:07  Drone  
  28  8:08  Queen  
  35  8:34  Corruptor  
  35  8:36  Corruptor  
  30  9:04  Corruptor  
  28  9:29  Mutalisk  
  23  9:31  Zergling x2  
  23  9:32  Zergling x8  
Show
View Real Time Build Order
Export as new Build Order

biiib Terran 

Build Orders:  

Get SALT Encoding   

  12  0:03  SCV  
  13  0:18  SCV  
  14  0:22  Refinery  
  14  0:24  Refinery  
  14  0:55  Supply Depot  
  14  0:56  SCV  
  15  1:07  Engineering Bay  
  15  1:16  SCV  
  16  1:32  SCV  
  17  1:44  SCV  
  18  1:53  Barracks  
  18  1:56  SCV  
  19  2:09  SCV  
  20  2:21  SCV  
  21  2:24  Missile Turret  
  21  2:34  Planetary Fortress  
  21  2:45  Factory  
  21  2:54  Hi-Sec Auto Tracking  
  21  2:59  Missile Turret  
  21  3:19  Missile Turret  
  21  3:33  Starport  
  21  3:45  Missile Turret  
  21  3:53  Missile Turret  
  21  4:03  Factory Tech Lab  
  21  4:13  Supply Depot  
  21  4:14  Starport Tech Lab  
  21  4:34  Cloaking Field  
  21  4:35  Starport  
  21  4:36  Banshee  
  24  5:11  Supply Depot  
  24  5:14  Factory Reactor  
  24  5:17  Banshee  
  24  5:19  Banshee  
  30  5:32  Armory  
  30  6:00  Banshee  
  30  6:01  Command Center  
  30  6:02  Banshee  
  36  6:43  Banshee  
  39  6:50  Terran Ship Weapons Level 1  
  39  7:15  Planetary Fortress  
  39  7:19  Missile Turret  
  39  7:40  Missile Turret  
  21  8:15  Viking x2  
  25  8:30  SCV  
  26  8:42  SCV  
  26  8:45  Viking x2  
  24  9:15  Viking x2  
  16  9:33  Widow Mine x2  
  20  9:45  Viking  
  7  10:01  Widow Mine  
  7  10:02  Widow Mine  
  6  10:30  Widow Mine  
  10  10:35  Widow Mine  
Tags
 
Add a new tag
Caveats
  • Supply blocks, unpowered buildings, or Contaminate may cause inaccurate times.
  • Supply counts are checked every 10 seconds.